 Dungeon Crawl Stone Soup version 0.18.1-48-g4cf74bf (webtiles) character file.

20056 Lennu the Arsonist (level 12, -2/65 HPs)
             Began as a Gargoyle Fire Elementalist on June 30, 2016.
             Was an Elder of Qazlal.
             Slain by a sheep (5 damage)
             ... on level 4 of the Lair of Beasts.
             The game lasted 02:09:57 (17808 turns).

Lennu the Arsonist (Gargoyle Fire Elementalist)    Turns: 17808, Time: 02:09:57

Health: -2/65      AC: 16    Str: 16    XL:     12   Next: 75%
Magic:  18/25      EV: 16    Int: 23    God:    Qazlal [****..]
Gold:   647        SH:  5    Dex: 14    Spells: 6 memorised, 7 levels left

rFire  + + .     SeeInvis .     y - +3 trident "Jaguwido" {freeze, rElec} (curse)
rCold  x . .     Gourm    .     a - +1 leather armour {rF+}
rNeg   + . .     Faith    .     (no shield)
rPois  ∞         Spirit   .     r - +0 helmet
rElec  +         Dismiss  .     (no cloak)
rCorr  .         Reflect  .     (no gloves)
SustAt .         Harm     .     n - +0 pair of boots
MR     +....     Clarity  +     d - amulet of magic regeneration
Stlth  +.........               P - +2 ring of strength
                                A - ring "Dyxtuum" {Fire rPois Int+2 Dex+4}

@: repel missiles, somewhat resistant to hostile enchantments, very unstealthy
A: hooves 1, clarity, frail 1, magic resistance 1, negative energy resistance 1,
electricity resistance, strong 1, unbreathing, petrification resistance, rot
immunity, AC +8
a: Upheaval, Elemental Force, Renounce Religion


You were on level 4 of the Lair of Beasts.
You worshipped Qazlal.
Qazlal was greatly pleased with you.
You were not hungry.

You visited 3 branches of the dungeon, and saw 14 of its levels.

You collected 731 gold pieces.
You spent 84 gold pieces at shops.

Inventory:

Hand Weapons
 g - a -2 mace
 y - the cursed +3 trident "Jaguwido" (weapon) {freeze, rElec}
   (You took it off an orc on level 8 of the Dungeon)

   It has been specially enchanted to freeze those struck by it, causing extra
   injury to most foes and up to half again as much damage against particularly
   susceptible opponents.
   It can also slow down cold-blooded creatures.
   It insulates you from electricity.
   It has a curse placed upon it.
 z - a +1 morningstar
 E - a +3 halberd
 G - a +0 short sword of speed
 H - a +0 morningstar
Missiles
 c - 4 tomahawks (quivered)
Armour
 a - a +1 leather armour of fire resistance (worn)
 n - a +0 pair of boots (worn)
 o - a +1 ring mail of cold resistance
 r - a +0 helmet (worn)
 u - a +0 robe of positive energy
Jewellery
 d - an amulet of magic regeneration (around neck)
 m - an uncursed amulet of dismissal
 A - the ring "Dyxtuum" (left hand) {Fire rPois Int+2 Dex+4}
   (You found it on level 7 of the Dungeon)

   [ring of fire]

   It enhances your fire magic, and weakens your ice magic.
   It affects your intelligence (+2).
   It affects your dexterity (+4).
   It protects you from fire.
   It makes you vulnerable to cold.
   It protects you from poison.
 P - a +2 ring of strength (right hand)
 S - an uncursed ring of ice
Wands
 e - a wand of polymorph (6/24)
 j - a wand of acid (4/15)
 w - a wand of iceblast (2/15)
 B - a wand of acid (5/15)
 R - a wand of iceblast (6/15)
 V - a wand of lightning (8/15)
Scrolls
 h - 3 scrolls of identify
 i - a scroll of teleportation
 k - 7 scrolls of amnesia
 l - 7 scrolls of recharging
 p - 7 scrolls of enchant weapon
 s - a scroll of enchant armour
 t - 2 scrolls of fog
 K - a scroll of torment
Potions
 f - a potion of haste
 x - 4 potions of curing
 J - 3 potions of brilliance
 N - a potion of might
 O - 3 potions of agility
Books
 b - a book of Flames

   Spells                             Type                      Level
   a - Flame Tongue                   Conjuration/Fire             1
   b - Throw Flame                    Conjuration/Fire             2
   c - Conjure Flame                  Conjuration/Fire             3
   d - Inner Flame                    Hexes/Fire                   3
   e - Sticky Flame                   Conjuration/Fire             4
   f - Fireball                       Conjuration/Fire             5
 C - a Necronomicon

   Spells                             Type                      Level
   a - Haunt                          Necromancy/Summoning         7
   b - Borgnjor's Revivification      Necromancy                   8
   c - Death's Door                   Charms/Necromancy            8
   d - Necromutation                  Transmutation/Necromancy     8
 D - a book of the Sky

   Spells                             Type                      Level
   a - Summon Lightning Spire         Summoning/Air                4
   b - Airstrike                      Air                          4
   c - Silence                        Hexes/Air                    5
   d - Deflect Missiles               Charms/Air                   6
   e - Conjure Ball Lightning         Conjuration/Air              6
   f - Tornado                        Air                          9
 I - a book of Callings

   Spells                             Type                      Level
   a - Summon Small Mammal            Summoning                    1
   b - Call Imp                       Summoning                    2
   c - Call Canine Familiar           Summoning                    3
   d - Summon Guardian Golem          Hexes/Summoning              3
   e - Summon Lightning Spire         Summoning/Air                4
   f - Summon Ice Beast               Ice/Summoning                4
 Q - a book of Fire

   Spells                             Type                      Level
   a - Ignite Poison                  Fire/Transmutation/Poison    3
   b - Fireball                       Conjuration/Fire             5
   c - Bolt of Fire                   Conjuration/Fire             6
   d - Delayed Fireball               Conjuration/Fire             7
   e - Ring of Flames                 Charms/Fire                  7
Comestibles
 q - 4 bread rations
 v - 4 meat rations
 F - a royal jelly
 L - 12 fruits


   Skills:
 * Level 7.9 Fighting
 - Level 0.8 Maces & Flails
 * Level 2.6 Polearms
 * Level 8.0 Armour
 * Level 7.3 Dodging
 - Level 2.2 Stealth
 * Level 9.0 Spellcasting
 + Level 7.3 Conjurations
 * Level 10.2 Fire Magic
 * Level 4.1 Invocations


You had 7 spell levels left.
You knew the following spells:

 Your Spells              Type           Power        Failure   Level  Hunger
a - Flame Tongue          Conj/Fire      #####        1%          1    None
b - Throw Flame           Conj/Fire      ######       1%          2    None
c - Sticky Flame          Conj/Fire      ######..     1%          4    ##.....
d - Fireball              Conj/Fire      ######....   6%          5    ####...
e - Conjure Flame         Conj/Fire      ######..     1%          3    None
f - Ring of Flames        Chrm/Fire      ######....   100%        7    #######


Dungeon Overview and Level Annotations

Branches:
Dungeon (9/15)             Temple (1/1) D:4            Lair (4/8) D:8
  Swamp (0/4) Lair:3          Orc (0/2) D:9
  Snake: Lair:3-6    Spider: Lair:3-6

Altars:
Ashenzari
Cheibriados
Dithmenos
Elyvilon
Fedhas
Gozag
Kikubaaqudgha
Makhleb
Nemelex Xobeh
Okawaru
Pakellas
Qazlal
Ru
Sif Muna
Trog
Vehumet
Xom
Yredelemnul
Zin
The Shining One

Shops:
D:5 (


Innate Abilities, Weirdness & Mutations

You are resistant to torment.
Your stone body is resilient (AC +8).
You are immune to poison.
You resist negative energy.
You are resistant to electric shocks.
You can survive without breathing.
You are immune to petrification.
You are immune to rotting.
You have large cloven feet.
You possess an exceptional clarity of mind.
You are frail (-10% HP).
You are resistant to hostile enchantments.
Your muscles are strong. (Str +2)


Message History

Confirm with . or Enter, or press ? or * to list all spells.
Aiming: Conjure Flame
Press: ? - help, Dir - move target cursor You feel a surge of power!
The fire roars!
The death yak gores you!
* * * LOW HITPOINT WARNING * * *
The death yak is engulfed in freezing vapours.
The death yak is engulfed in roaring flames.
The death yak closely misses you.
Drink which item? (? for menu, Esc to quit)
You feel better. The death yak gores you.
The death yak is engulfed in roaring flames.
The death yak gores you!!
* * * LOW HITPOINT WARNING * * *
Read which item? (? for menu, Esc to quit)
You can't read that!
Read which item? (? for menu, Esc to quit)
As you read the scroll labeled FIOLAU UNAD, it crumbles to dust.
You smell baking bread.
It was a scroll of random uselessness.
The sheep bites you.
You die...

..................[.#....
................Y.#....♣.
.........................
..............Y.#)..♣.!<.
.............Y.#.........
............YY##.†.....♣
#####.##.#....Y!§...#....
## ###...##YY♣..#....
##..#..@Y§## .♣.
#..#...§§.# . ####.§...##
##+....# .....# ##....
#.... .....


You could see 3 death yaks and 4 sheep.

Vanquished Creatures
  Fannar (Lair:2)
  Harold (Lair:3)
  3 hydras
  The ghost of oldnick the Grappler, a novice TrMo (D:9)
  4 spiny frogs
  A black mamba (Lair:3)
  A rime drake (Lair:3)
  3 trolls
  Grinder (D:4)
  The ghost of BabyRage the Cutter, an amateur HEAs of Ru (D:4)
  7 blink frogs
  A wyvern (D:9)
  Sigmund (D:3)
  Eustachio (D:4)
  21 yaks
  A hungry ghost (D:7)
  2 hippogriffs (Lair:1)
  Edmund (D:3)
  12 porcupines
  2 water moccasins
  2 sky beasts
  2 orc warriors (D:6)
  An ice beast (D:8)
  A phantom (D:5)
  2 black bears
  3 centaurs
  10 wolves
  4 ogres
  6 crocodiles
  5 giant frogs
  8 big kobolds
  3 scorpions
  5 killer bees (D:9)
  5 wights (D:8)
  11 electric eels
  5 howler monkeys
  2 crimson imps (D:9)
  2 giant frog zombies
  2 giant frog skeletons
  6 orc priests
  4 hounds
  2 centaur skeletons
  Terence (D:3)
  12 orc wizards
  5 iguanas
  5 worker ants
  5 sheep
  3 hound skeletons
  A worker ant zombie (D:8)
  Robin (D:3)
  17 adders
  27 river rats (Lair:3)
  A shadow imp (D:6)
  2 oozes
  2 adder skeletons
  An adder zombie (D:9)
  2 worms
  5 giant geckos
  45 orcs
  7 giant cockroaches
  21 goblins
  22 hobgoblins
  7 jackals
  53 kobolds
  7 quokkas
  6 bats
  A giant gecko skeleton (D:5)
  4 giant newts
  A jackal skeleton (D:4)
  A quokka skeleton (D:5)
  A quokka zombie (D:5)
  10 rats
  3 fungi (Lair:3)
  19 plants
455 creatures vanquished.

Vanquished Creatures (others)
  A river rat (Lair:3)
  3 fungi (Lair:2)
  4 plants
8 creatures vanquished.

Grand Total: 463 creatures vanquished

Notes
Turn   | Place    | Note
--------------------------------------------------------------
     0 | D:1      | Lennu the Gargoyle Fire Elementalist began the quest for the Orb.
     0 | D:1      | Reached XP level 1. HP: 10/10 MP: 3/3
   176 | D:1      | Reached XP level 2. HP: 15/15 MP: 3/5
   616 | D:1      | Reached XP level 3. HP: 19/19 MP: 3/6
   959 | D:2      | Found a shadowy altar of Dithmenos.
  1284 | D:2      | Reached XP level 4. HP: 21/24 MP: 3/7
  1404 | D:2      | Reached skill level 1 in Fighting
  1438 | D:2      | Reached skill level 1 in Armour
  1710 | D:2      | Found a shimmering altar of Xom.
  1963 | D:2      | Found a burning altar of Makhleb.
  2045 | D:2      | Reached XP level 5. HP: 19/29 MP: 2/9
  2319 | D:3      | Noticed Terence
  2336 | D:3      | Killed Terence
  2523 | D:3      | Noticed Robin
  2534 | D:3      | Noticed Sigmund
  2549 | D:3      | Reached skill level 4 in Fire Magic
  2575 | D:4      | Found a staircase to the Ecumenical Temple.
  2584 | Temple   | Entered the Ecumenical Temple
  3038 | Temple   | Learned a level 2 spell: Throw Flame
  3247 | D:3      | Killed Robin
  3377 | D:3      | Reached XP level 6. HP: 35/35 MP: 10/10
  3386 | D:3      | Killed Sigmund
  3993 | D:4      | Reached XP level 7. HP: 32/40 MP: 5/11
  4218 | D:4      | Noticed Grinder
  4278 | D:4      | Paralysed by Grinder for 2 turns
  4430 | D:4      | Noticed Edmund
  4452 | D:4      | Noticed Natasha
  4454 | D:4      | Noticed Eustachio
  4478 | D:4      | Reached skill level 5 in Fire Magic
  4520 | D:3      | Killed Edmund
  5046 | D:4      | Noticed BabyRage's ghost (amateur HEAs)
  5151 | D:4      | Reached XP level 8. HP: 46/46 MP: 9/13
  5513 | D:4      | Paralysed by Grinder for 4 turns
  5520 | D:4      | Paralysed by Grinder for 3 turns
  5527 | D:4      | Paralysed by Grinder for 4 turns
  5547 | D:4      | Killed Grinder
  5648 | D:4      | Learned a level 2 spell: Throw Flame
  5656 | D:4      | Learned a level 4 spell: Sticky Flame
  5879 | D:4      | Killed Eustachio
  5879 | D:4      | Reached skill level 6 in Fire Magic
  6155 | D:4      | Killed BabyRage's ghost
  6707 | D:5      | Entered Level 5 of the Dungeon
  6809 | D:5      | Found a shimmering altar of Xom.
  7103 | D:5      | Found Muawaduh's Antique Weapon Emporium.
  7114 | D:5      | Bought a glowing mace for 84 gold pieces
  7298 | D:5      | Found an iron altar of Okawaru.
  7301 | D:5      | Found a stormy altar of Qazlal.
  7301 | D:5      | Found a sparkling altar of Nemelex Xobeh.
  7310 | D:5      | Became a worshipper of Qazlal Stormbringer
  7498 | D:5      | Found a sacrificial altar of Ru.
  7674 | D:5      | Reached skill level 5 in Dodging
  7674 | D:5      | Reached XP level 9. HP: 52/52 MP: 8/15
  7938 | D:5      | Reached * piety under Qazlal
  9008 | D:6      | Reached ** piety under Qazlal
  9249 | D:6      | Reached skill level 5 in Fighting
  9249 | D:6      | Reached skill level 5 in Armour
  9255 | D:6      | Reached skill level 7 in Fire Magic
  9267 | D:6      | Reached skill level 5 in Spellcasting
  9359 | D:6      | Learned a level 5 spell: Fireball
  9363 | D:6      | Learned a level 3 spell: Conjure Flame
  9845 | D:6      | Found a shattered altar of Ashenzari.
 10046 | D:6      | Reached XP level 10. HP: 59/59 MP: 8/17
 10537 | D:7      | Got an ancient brass ring
 10538 | D:7      | Identified the ring "Dyxtuum" {Fire rPois Int+2 Dex+4} (You found it on level 7 of the Dungeon)
 10798 | D:7      | Found an iron altar of Okawaru.
 10876 | D:7      | Reached *** piety under Qazlal
 11213 | D:7      | Found an ancient bone altar of Kikubaaqudgha.
 11225 | D:7      | Found a blossoming altar of Fedhas.
 11619 | D:8      | Reached skill level 5 in Conjurations
 11901 | D:8      | Got a translucent trident {freeze}
 11913 | D:8      | Identified the cursed +3 trident "Jaguwido" {freeze, rElec} (You took it off an orc on level 8 of the Dungeon)
 12039 | D:8      | Reached skill level 8 in Fire Magic
 12044 | D:8      | Gained mutation: You possess an exceptional clarity of mind. [mutagenic meat]
 12045 | D:8      | Gained mutation: You have large cloven feet. [mutagenic meat]
 12048 | D:8      | Gained mutation: You are frail (-10% HP). [mutagenic meat]
 12050 | D:8      | Gained mutation: Your muscles are strong. (Str +2) [mutagenic meat]
 12051 | D:8      | Gained mutation: You are resistant to hostile enchantments. [mutagenic meat]
 12112 | D:8      | Found a staircase to the Lair.
 12632 | D:9      | Found an iron altar of Okawaru.
 12651 | D:9      | Noticed oldnick's ghost (novice TrMo)
 12674 | D:9      | Killed oldnick's ghost
 12674 | D:9      | Reached **** piety under Qazlal
 12695 | D:9      | Reached XP level 11. HP: 20/59 MP: 5/21
 12978 | D:9      | Found a staircase to the Orcish Mines.
 12987 | D:9      | Found an opulent altar of Gozag.
 13109 | D:9      | Noticed a three-headed hydra
 13123 | D:9      | Killed a three-headed hydra
 13123 | D:9      | Reached skill level 9 in Fire Magic
 13294 | D:9      | Found a glowing silver altar of Zin.
 13463 | D:9      | Found a bloodstained altar of Trog.
 13732 | Lair:1   | Entered Level 1 of the Lair of Beasts
 14109 | Lair:1   | Reached skill level 1 in Invocations
 14894 | Lair:2   | Noticed a five-headed hydra
 14899 | Lair:2   | Killed a five-headed hydra
 15548 | Lair:2   | Reached skill level 1 in Polearms
 15556 | Lair:2   | Reached XP level 12. HP: 54/64 MP: 2/24
 15599 | Lair:2   | Noticed Fannar
 15639 | Lair:2   | Killed Fannar
 15950 | Lair:3   | Noticed a four-headed hydra
 15958 | Lair:3   | Killed a four-headed hydra
 16060 | Lair:3   | Noticed Harold
 16789 | Lair:3   | Reached skill level 10 in Fire Magic
 16935 | Lair:3   | Killed Harold
 17215 | Lair:3   | Found a staircase to the Swamp.
 17523 | Lair:3   | Learned a level 7 spell: Ring of Flames
 17741 | Lair:4   | Noticed a death yak
 17741 | Lair:4   | Noticed a death yak
 17742 | Lair:4   | Noticed a death yak
 17807 | Lair:4   | HP: 3/65 [death yak (18)]
 17808 | Lair:4   | Slain by a sheep

Skill      XL: |  1  2  3  4  5  6  7  8  9 10 11 12 |
---------------+-------------------------------------+-----
Dodging        | 2 3 5 6 7 |  7.3
Fighting       | 1 2 3 4 5 6 7 |  7.9
Armour         | 1 2 3 4 5 6 7 8 |  8.0
Fire Magic     | 4 5 6 7 8 9 10 | 10.2
Spellcasting   | 3 4 5 6 8 9 |  9.0
Conjurations   | 2 3 4 5 6 7 |  7.3
Invocations    | 2 4 |  4.1
Polearms       | 1 2 |  2.6
Maces & Flails | |  0.8
Stealth        | |  2.2

Action                   |  1- 3 |  4- 6 |  7- 9 | 10-12 || total
-------------------------+-------+-------+-------+-------++-------
Melee: Unarmed           |     3 |       |       |       ||     3
       Hand axe          |    23 |   113 |    59 |       ||   195
       Mace              |       |       |   190 |    61 ||   251
       Trident           |       |       |       |   115 ||   115
 Cast: Flame Tongue      |    37 |    95 |   297 |   438 ||   867
       Throw Flame       |       |     5 |    94 |    92 ||   191
       Sticky Flame      |       |       |     6 |    18 ||    24
       Conjure Flame     |       |       |       |    47 ||    47
       Fireball          |       |       |       |     8 ||     8
Invok: Upheaval          |       |       |       |     2 ||     2
       Elemental Force   |       |       |       |     1 ||     1
Evoke: Wand              |       |       |       |     2 ||     2
  Use: Scroll            |     1 |     6 |     1 |    19 ||    27
       Potion            |       |     5 |     3 |     5 ||    13
 Stab: Sleeping          |     1 |     1 |       |       ||     2
  Eat: Chunk             |     2 |     9 |     7 |    17 ||    35
       Fruit             |       |       |     5 |       ||     5
       Bread ration      |       |       |     2 |       ||     2
       Beef jerky        |       |       |     1 |     1 ||     2
       Pizza             |       |       |       |     7 ||     7
       Meat ration       |       |       |       |     1 ||     1
Armor: Robe              |     8 |       |       |       ||     8
       Leather armour    |       |    51 |   159 |   109 ||   319
       Ring mail         |       |    38 |   104 |       ||   142
       Skin              |       |     8 |       |       ||     8
Dodge: Dodged            |    31 |   143 |   369 |   235 ||   778
       Deflected         |       |       |       |     4 ||     4
Block: Other             |       |       |     8 |    73 ||    81
